Thunder vs Diables
(R1)
Created - 21 janvier 2016 at 19:04
Goals
|
| Thunder |
2 |
5 |
1 |
8 |
| Diables |
1 |
3 |
1 |
5 |
|
Shots
|
| Thunder |
10 |
15 |
9 |
34 |
| Diables |
10 |
13 |
9 |
32 |
|
1st period
1. Thunder , Kelly Zajac 5 (Jannik Hansen, Keith Yandle) at 3:55
2. Diables , Damien Brunner 28 (Tyler Bozak, Matt Jones) at 10:16
3. Thunder , Tom Pyatt 20 (Dany Roussin, Adam Hall) at 16:15 (PP)
Penalties :
Brandon Prust (Alm) for Fighting (Major) at 9:10, Matt Generous (TRO) for Fighting (Major) at 9:10, Kellan Lain (Alm) for Interference (Minor) at 11:42, Riley Sheahan (Alm) for Holding (Minor) at 15:42, Kellan Lain (Alm) for Tripping (Minor) at 16:53
2nd period
4. Thunder , Adam Hall 29 (Tom Pyatt, Keith Yandle) at 0:16
5. Thunder , Matt Martin 10 (Joey Ryan, Pierre-Alexandre Parenteau) at 1:02
6. Thunder , Pierre-Alexandre Parenteau 16 (Matt Martin, Corey Crawford) at 2:40 (PP)
7. Diables , Brandon Prust 21 (Damien Brunner, Tyler Bozak) at 4:18
8. Diables , Kellan Lain 17 (Tyler Bozak, Lukas Krajicek) at 4:32 (PP)
9. Diables , Tyler Bozak 20 (Damien Brunner) at 12:45 (PP)
10. Thunder , Dany Roussin 19 (Adam Hall, Matt Generous) at 13:00
11. Thunder , Keith Yandle 5 (Adam Hall, Tom Pyatt) at 15:21 (PP)
Penalties :
Brandon Prust (Alm) for Hooking (Minor) at 1:05, Keith Yandle (TRO) for Roughing (Minor) at 4:21, Tyler Bozak (Alm) for Tripping (Minor) at 5:17, Keith Yandle (TRO) for High sticking (Minor) at 11:52, Craig Smith (Alm) for Hooking (Minor) at 15:11, Pavel Valentenko (Alm) for Holding (Minor) at 16:19
3rd period
12. Thunder , Matt Martin 11 (Pierre-Alexandre Parenteau, Brandon Mashinter) at 4:41
13. Diables , Steve Quailer 13 (Lukas Krajicek, Kellan Lain) at 7:27
Penalties :
Daultan Leveillé (TRO) for Cross-checking (Minor) at 7:47, Keith Yandle (TRO) for Goalie Interference (Minor) at 16:16
Goalie Stats
Corey Crawford (TRO), 27 saves from 32 shots - (0,844), W, 15-14-3, 60:00 minutes
Jean-Francois Berube (Alm), 16 saves from 20 shots - (0,800), 36:21 minutes
Marek Mazanek (Alm), 10 saves from 14 shots - (0,714), L, 0-1-0, 23:39 minutes
Players Stats for Thunder
Player Name G A P +/- PIM S H SB GA TA FO MP PP MP PK MP
------------------------------------------------------------------------------------
Adam Hall 1 3 4 1 0 6 1 0 1 0 8/10 24:15 6:04 3:19
Bobby Farnham 0 0 0 0 0 0 0 0 0 0 0/0 0:40 0:16 0:00
Brandon Mashinter 0 1 1 0 0 1 2 0 0 0 9/17 17:13 3:54 0:00
Brett Festerling 0 0 0 0 0 0 0 1 0 0 0/0 8:40 0:18 0:24
Casey Pierro-Zabotel 0 0 0 0 0 1 1 0 0 0 0/0 9:01 0:00 0:00
Colby Cohen 0 0 0 1 0 0 0 1 0 1 0/0 6:30 0:00 0:00
Dalton Smith 0 0 0 1 0 0 0 0 0 0 0/0 7:22 0:00 0:14
Dany Roussin 1 1 2 1 0 4 4 0 0 0 1/1 22:34 6:04 1:38
Daultan Leveillé 0 0 0 0 2 0 2 0 0 0 0/2 9:38 0:00 0:32
David Fischer 0 0 0 0 0 0 0 1 0 0 0/0 18:31 4:30 1:21
Derek Forbort 0 0 0 0 0 0 0 0 0 0 0/0 0:34 0:00 0:34
Dmitri Orlov 0 0 0 1 0 0 0 1 0 0 0/0 6:30 0:00 0:00
Jannik Hansen 0 1 1 1 0 1 0 0 1 0 0/0 6:58 0:16 0:00
Jesse Blacker 0 0 0 -1 0 0 0 0 0 0 0/0 3:05 0:55 0:00
Joey Ryan 0 1 1 0 0 1 0 2 0 0 0/0 18:31 4:30 1:21
Keith Yandle 1 2 3 1 6 4 1 1 1 1 0/0 25:25 5:44 1:24
Kelly Zajac 1 0 1 1 0 2 0 0 0 0 2/5 6:26 0:00 0:00
Mat Clark 0 0 0 0 0 0 0 0 0 0 0/0 7:58 0:00 0:00
Matt Generous 0 1 1 2 5 1 2 3 0 0 0/0 23:13 4:31 3:17
Matt Martin 2 1 3 0 0 3 4 0 0 2 0/1 17:46 3:54 0:33
Pierre-Alexandre Parente 1 2 3 0 0 3 1 0 1 1 0/1 20:23 3:54 3:10
Robin Leblanc 0 0 0 0 0 3 1 0 0 0 0/0 9:33 0:16 0:00
Scott Parse 0 0 0 0 0 0 0 0 0 0 0/0 0:00 0:00 0:00
Taylor Doherty 0 0 0 0 0 0 0 0 0 0 0/0 1:43 0:00 1:43
Tom Pyatt 1 2 3 1 0 4 2 1 0 0 10/30 22:24 6:04 0:38
Players Stats for Diables
Player Name G A P +/- PIM S H SB GA TA FO MP PP MP PK MP
------------------------------------------------------------------------------------
Brandon Prust 1 0 1 -2 7 3 1 0 0 0 1/2 17:39 2:06 1:03
Brian Dumoulin 0 0 0 0 0 0 0 0 0 0 0/0 5:23 0:00 0:12
Craig Smith 0 0 0 0 2 2 0 0 1 0 3/8 13:57 0:00 1:09
Damien Brunner 1 2 3 -1 0 9 1 0 0 0 1/2 18:36 2:56 0:00
Dustin Kohn 0 0 0 -3 0 1 1 0 1 0 0/0 22:43 1:57 3:24
J.T. Brown 0 0 0 -1 0 0 2 0 0 0 0/0 7:44 0:00 0:00
Jamie Arniel 0 0 0 -1 0 1 2 0 1 0 3/4 11:19 0:00 3:11
Kellan Lain 1 1 2 0 4 2 1 1 0 0 2/3 18:48 2:15 3:33
Lukas Krajicek 0 2 2 0 0 0 0 2 2 0 0/0 24:01 3:05 6:38
Matt Jones 0 1 1 0 0 0 2 5 0 1 0/0 25:18 0:00 6:38
Pavel Valentenko 0 0 0 1 2 0 0 2 0 0 0/0 8:34 0:00 0:12
Pierre-Cédric Labrie 0 0 0 0 0 0 1 0 0 0 1/1 11:54 0:00 3:27
Riley Sheahan 0 0 0 1 2 1 1 1 0 1 4/10 16:25 2:06 5:15
Steve Quailer 1 0 1 0 0 2 0 0 0 1 2/2 14:48 1:45 0:00
Taylor Beck 0 0 0 -1 0 0 2 1 0 0 0/0 8:34 0:00 0:50
Tomas Kubalik 0 0 0 0 0 4 0 0 0 0 1/1 9:05 1:02 0:00
Tyler Bozak 1 3 4 -1 2 6 0 0 0 0 19/34 20:50 2:56 2:00
Tyler Cuma 0 0 0 -3 0 1 1 2 0 1 0/0 23:46 3:05 3:24
Tyson Barrie 0 0 0 1 0 0 0 0 0 0 0/0 10:14 1:57 0:00
3 Stars
1 - Matt Martin (TRO)
2 - Adam Hall (TRO)
3 - Tom Pyatt (TRO)
Power Play
Thunder - 3 on 7 Attempt(s) - 42,86%
Diables - 2 on 4 Attempt(s) - 50,00%
Penalty Kill
Thunder - 2 on 4 Attempt(s) - 50,00%
- Score 0 goal in Penalty Kill
Diables - 4 on 7 Attempt(s) - 57,14%
- Score 0 goal in Penalty Kill
Team Stat
Thunder - Hits : 21 - Faceoff Wins : 30 - Blocked Shots : 11 - Penalty Minutes : 13
Diables - Hits : 15 - Faceoff Wins : 37 - Blocked Shots : 14 - Penalty Minutes : 19
Official
Referees : O'Rourke Dan and Auger Stephane
Linesman : Steve Barton and Jonny Murray
Game Notes
Matt Generous beats up Brandon Prust at 9:10 of 1st period
Marek Mazanek enters game at 1:02 of 2nd period
Jean-Francois Berube enters game at 4:41 of 3rd period
Finance
Level 1 -- Attendance: 1529 (76,45%) -- Ticket Income 53 515 $
Level 2 -- Attendance: 680 (68,00%) -- Ticket Income 10 200 $
Total Attendance: 2209 (73,63%)
Total Ticket Income: 63 715 $
Other Income: 3 186 $
Total Income: 66 901 $
Thunder
5 vs 5 Forward
Center Left Wing Right Wing Time % Phy DF OF
1 Tom Pyatt Dany Roussin Adam Hall 40 1 2 2
2 Brandon Mashinter Matt Martin Pierre-Alexandre Parentea30 1 2 2
3 Daultan Leveillé Casey Pierro-Zabotel Robin Leblanc 20 1 2 2
4 Kelly Zajac Dalton Smith Jannik Hansen 10 1 2 2
5 vs 5 Defense
Defense Defense Time % Phy DF OF
1 Keith Yandle Matt Generous 40 1 2 2
2 Joey Ryan David Fischer 30 1 2 2
3 Brett Festerling Mat Clark 20 1 2 2
4 Colby Cohen Dmitri Orlov 10 1 2 2
PowerPlay Forward
Center Left Wing Right Wing Time % Phy DF OF
1 Tom Pyatt Dany Roussin Adam Hall 60 1 2 2
2 Brandon Mashinter Matt Martin Pierre-Alexandre Parentea40 1 2 2
PowerPlay Defense
Defense Defense Time % Phy DF OF
1 Keith Yandle Matt Generous 60 1 2 2
2 Joey Ryan David Fischer 40 1 2 2
Penalty Kill 4 Players Forward
Center Wing Time % Phy DF OF
1 Adam Hall Pierre-Alexandre Parentea60 1 2 2
2 Dany Roussin Matt Martin 40 1 2 2
Penalty Kill 4 Players Defense
Defense Defense Time % Phy DF OF
1 Keith Yandle Matt Generous 60 1 2 2
2 Joey Ryan David Fischer 40 1 2 2
Penalty Kill - 3 Players Forward
Forward Time % Phy DF OF
1 Adam Hall 60 1 2 2
2 Pierre-Alexandre Parentea 40 1 2 2
Penalty Kill - 3 Players Defense
Defense Defense Time % Phy DF OF
1 Keith Yandle Matt Generous 60 1 2 2
2 Joey Ryan David Fischer 40 1 2 2
4 vs 4 Forward
Center Wing Time % Phy DF OF
1 Adam Hall Pierre-Alexandre Parentea60 1 2 2
2 Dany Roussin Matt Martin 40 1 2 2
4 vs 4 Defense
Defense Defense Time % Phy DF OF
1 Keith Yandle Matt Generous 60 1 2 2
2 Joey Ryan David Fischer 40 1 2 2
Last Minutes Offensive
Center Left Wing Right Wing Defense Defense
Tom Pyatt Dany Roussin Adam Hall Keith Yandle Matt Generous
Last Minutes Defensive
Center Left Wing Right Wing Defense Defense
Tom Pyatt Dany Roussin Adam Hall Keith Yandle Matt Generous
Goaltenders
Starting : Corey Crawford
Backup : Barry Brust
Extra Forwards
Normal : Bobby Farnham, Robin Leblanc, Daultan Leveillé - PP : Bobby Farnham, Robin Leblanc - PK : Daultan Leveillé
Extra Defensemen
Normal : Jesse Blacker, Taylor Doherty, Derek Forbort - PP : Jesse Blacker - PK : Taylor Doherty, Derek Forbort
Penalty Shots
Adam Hall, Pierre-Alexandre Parenteau, Dany Roussin, Matt Martin, Tom Pyatt
Diables
5 vs 5 Forward
Center Left Wing Right Wing Time % Phy DF OF
1 Tyler Bozak Brandon Prust Damien Brunner 40 1 2 2
2 Craig Smith Kellan Lain Steve Quailer 30 1 2 2
3 Riley Sheahan Pierre-Cédric Labrie Tomas Kubalik 20 1 2 2
4 Jamie Arniel Taylor Beck J.T. Brown 10 1 2 2
5 vs 5 Defense
Defense Defense Time % Phy DF OF
1 Dustin Kohn Tyler Cuma 40 1 2 2
2 Lukas Krajicek Matt Jones 30 1 2 2
3 Pavel Valentenko Tyson Barrie 20 1 2 2
4 Brian Dumoulin Matt Jones 10 1 2 2
PowerPlay Forward
Center Left Wing Right Wing Time % Phy DF OF
1 Tyler Bozak Kellan Lain Damien Brunner 60 1 2 2
2 Riley Sheahan Brandon Prust Steve Quailer 40 1 2 2
PowerPlay Defense
Defense Defense Time % Phy DF OF
1 Lukas Krajicek Tyler Cuma 60 1 2 2
2 Tyson Barrie Dustin Kohn 40 1 2 2
Penalty Kill 4 Players Forward
Center Wing Time % Phy DF OF
1 Riley Sheahan Kellan Lain 60 1 2 2
2 Jamie Arniel Pierre-Cédric Labrie 40 1 2 2
Penalty Kill 4 Players Defense
Defense Defense Time % Phy DF OF
1 Lukas Krajicek Matt Jones 60 1 2 2
2 Tyler Cuma Dustin Kohn 40 1 2 2
Penalty Kill - 3 Players Forward
Forward Time % Phy DF OF
1 Riley Sheahan 60 1 2 2
2 Jamie Arniel 40 1 2 2
Penalty Kill - 3 Players Defense
Defense Defense Time % Phy DF OF
1 Lukas Krajicek Matt Jones 60 1 2 2
2 Tyler Cuma Dustin Kohn 40 1 2 2
4 vs 4 Forward
Center Wing Time % Phy DF OF
1 Craig Smith Damien Brunner 60 1 2 2
2 Jamie Arniel Pierre-Cédric Labrie 40 1 2 2
4 vs 4 Defense
Defense Defense Time % Phy DF OF
1 Lukas Krajicek Matt Jones 60 1 2 2
2 Tyler Cuma Dustin Kohn 40 1 2 2
Last Minutes Offensive
Center Left Wing Right Wing Defense Defense
Tyler Bozak Brandon Prust Damien Brunner Lukas Krajicek Dustin Kohn
Last Minutes Defensive
Center Left Wing Right Wing Defense Defense
Jamie Arniel Brandon Prust Damien Brunner Lukas Krajicek Matt Jones
Goaltenders
Starting : Jean-Francois Berube
Backup : Marek Mazanek
Extra Forwards
Normal : Riley Sheahan, Steve Quailer, Craig Smith - PP : Tomas Kubalik, Riley Sheahan - PK : Tyler Bozak
Extra Defensemen
Normal : Tyson Barrie, Pavel Valentenko, Brian Dumoulin - PP : Tyson Barrie - PK : Pavel Valentenko, Brian Dumoulin
Penalty Shots
Brandon Prust, Riley Sheahan, Damien Brunner, Tyler Bozak, Jamie Arniel
% Time on Ice - Thunder
Lines # - Real PCT - Wanted PCT - Time Play
Normal Forward
1 - 36% - 40% - 15:58
2 - 30% - 30% - 13:19
3 - 20% - 20% - 9:01
4 - 14% - 10% - 6:26
Normal Defense
1 - 39% - 40% - 17:36
2 - 28% - 30% - 12:40
3 - 18% - 20% - 7:58
4 - 15% - 10% - 6:30
PP Forward
1 - 62% - 60% - 6:20
2 - 38% - 40% - 3:54
PP Defense
1 - 56% - 60% - 5:44
2 - 44% - 40% - 4:30
PK Forward
1 - 89% - 60% - 4:29
2 - 11% - 40% - 0:33
PK Defense
1 - 73% - 60% - 3:41
2 - 27% - 40% - 1:21
PK3 Forward
1 - 0% - 60%
2 - 0% - 40%
PK3 Defense
1 - 0% - 60%
2 - 0% - 40%
44 Forward
1 - 0% - 60%
2 - 0% - 40%
44 Defense
1 - 0% - 60%
2 - 0% - 40%
Last Minute Offensive - 0:00
Last Minute Defensive - 0:00
Total
Forward - 60:00
Defense - 60:00
|
% Time on Ice - Diables
Lines # - Real PCT - Wanted PCT - Time Play
Normal Forward
1 - 36% - 40% - 15:55
2 - 29% - 30% - 13:02
3 - 18% - 20% - 8:03
4 - 17% - 10% - 7:44
Normal Defense
1 - 41% - 40% - 18:11
2 - 31% - 30% - 13:59
3 - 18% - 20% - 7:53
4 - 10% - 10% - 4:41
PP Forward
1 - 58% - 60% - 2:56
2 - 42% - 40% - 2:06
PP Defense
1 - 61% - 60% - 3:05
2 - 39% - 40% - 1:57
PK Forward
1 - 69% - 60% - 7:06
2 - 31% - 40% - 3:08
PK Defense
1 - 67% - 60% - 6:50
2 - 33% - 40% - 3:24
PK3 Forward
1 - 0% - 60%
2 - 0% - 40%
PK3 Defense
1 - 0% - 60%
2 - 0% - 40%
44 Forward
1 - 0% - 60%
2 - 0% - 40%
44 Defense
1 - 0% - 60%
2 - 0% - 40%
Last Minute Offensive - 0:00
Last Minute Defensive - 0:00
Total
Forward - 60:00
Defense - 60:00
|
Play by Play
1st period
0:01 of 1st period - Tyler Bozak wins face-off versus Tom Pyatt in neutral zone.
1:19 of 1st period - Wrist shot by Tomas Kubalik.
1:19 of 1st period - Stopped by Corey Crawford with a rebound.
1:21 of 1st period - Slapshot by Tyler Cuma.
1:21 of 1st period - Shot Blocked by Tom Pyatt.
1:23 of 1st period - Snap shot by Dustin Kohn.
1:23 of 1st period - Shot Blocked by Brett Festerling.
1:31 of 1st period - Snap shot by Riley Sheahan.
1:31 of 1st period - Stopped by Corey Crawford without a rebound.
1:32 of 1st period - Craig Smith wins face-off versus Matt Martin in Thunder zone.
2:00 of 1st period - Slapshot by Keith Yandle.
2:00 of 1st period - Stopped by Jean-Francois Berube without a rebound.
2:01 of 1st period - Tyler Bozak wins face-off versus Daultan Leveillé in Diables zone.
2:10 of 1st period - Wrist shot by Damien Brunner.
2:10 of 1st period - Stopped by Corey Crawford without a rebound.
2:11 of 1st period - Brandon Mashinter wins face-off versus Craig Smith in Thunder zone.
3:17 of 1st period - Snap shot by Pierre-Alexandre Parenteau.
3:17 of 1st period - Shot Blocked by Lukas Krajicek.
3:19 of 1st period - Slapshot by Joey Ryan.
3:19 of 1st period - Shot Misses the Net.
3:21 of 1st period - Snap shot by Matt Martin.
3:21 of 1st period - Shot Blocked by Matt Jones.
3:43 of 1st period - Slapshot by Adam Hall.
3:43 of 1st period - Shot Misses the Net.
3:55 of 1st period - Slapshot by Jannik Hansen.
3:55 of 1st period - Deflect By Kelly Zajac.
3:55 of 1st period - Goal by Kelly Zajac - Thunder : 1 - Diables : 0.
3:56 of 1st period - Brandon Mashinter wins face-off versus Tyler Bozak in neutral zone.
4:34 of 1st period - Snap shot by Craig Smith.
4:34 of 1st period - Stopped by Corey Crawford with a rebound.
5:07 of 1st period - Off-side.
5:08 of 1st period - Kelly Zajac wins face-off versus Riley Sheahan in neutral zone.
5:34 of 1st period - Pavel Valentenko is hit by Pierre-Alexandre Parenteau and loses puck.
5:59 of 1st period - Slapshot by Craig Smith.
5:59 of 1st period - Shot Misses the Net.
6:05 of 1st period - Snap shot by Adam Hall.
6:05 of 1st period - Deflect By Dany Roussin.
6:05 of 1st period - Stopped by Jean-Francois Berube with a rebound.
6:07 of 1st period - Wrist shot by Tom Pyatt.
6:07 of 1st period - Stopped by Jean-Francois Berube with a rebound.
6:28 of 1st period - Keith Yandle is hit by Jamie Arniel and loses puck.
6:47 of 1st period - Wrist shot by Brandon Prust.
6:47 of 1st period - Stopped by Corey Crawford with a rebound.
6:49 of 1st period - Slapshot by Matt Jones.
6:49 of 1st period - Shot Misses the Net.
7:12 of 1st period - Snap shot by Kelly Zajac.
7:12 of 1st period - Shot Hit the Post.
7:44 of 1st period - Wrist shot by Kelly Zajac.
7:44 of 1st period - Stopped by Jean-Francois Berube without a rebound.
7:45 of 1st period - Tyler Bozak wins face-off versus Tom Pyatt in Diables zone.
7:45 of 1st period - Tyler Bozak is hit by Dany Roussin.
7:55 of 1st period - Wrist shot by Damien Brunner.
7:55 of 1st period - Stopped by Corey Crawford with a rebound.
8:19 of 1st period - Snap shot by Kellan Lain.
8:19 of 1st period - Shot Blocked by Dmitri Orlov.
9:01 of 1st period - Backhand shot by Damien Brunner.
9:01 of 1st period - Stopped by Corey Crawford without a rebound.
9:02 of 1st period - Tyler Bozak wins face-off versus Brandon Mashinter in Thunder zone.
9:07 of 1st period - Wrist shot by Tyler Bozak.
9:07 of 1st period - Shot Blocked by Matt Generous.
9:09 of 1st period - Snap shot by Lukas Krajicek.
9:09 of 1st period - Shot Blocked by Matt Generous.
9:10 of 1st period - Matt Generous beats up Brandon Prust.
9:10 of 1st period - Penalty to Brandon Prust for Fighting.
9:10 of 1st period - Penalty to Matt Generous for Fighting.
9:11 of 1st period - Riley Sheahan wins face-off versus Tom Pyatt in Thunder zone.
9:18 of 1st period - Snap shot by Adam Hall.
9:18 of 1st period - Stopped by Jean-Francois Berube without a rebound.
9:19 of 1st period - Tyler Bozak wins face-off versus Tom Pyatt in Diables zone.
9:32 of 1st period - Snap shot by Dany Roussin.
9:32 of 1st period - Shot Misses the Net.
10:03 of 1st period - Matt Jones is hit by Dany Roussin and loses puck.
10:14 of 1st period - Snap shot by Tyler Bozak.
10:14 of 1st period - Shot Misses the Net.
10:16 of 1st period - Slapshot by Damien Brunner.
10:16 of 1st period - Goal by Damien Brunner - Thunder : 1 - Diables : 1.
10:17 of 1st period - Steve Quailer wins face-off versus Brandon Mashinter in neutral zone.
10:30 of 1st period - Slapshot by Kellan Lain.
10:30 of 1st period - Shot Blocked by Joey Ryan.
10:36 of 1st period - Craig Smith is hit by Matt Martin and loses puck.
11:21 of 1st period - Wrist shot by Robin Leblanc.
11:21 of 1st period - Stopped by Jean-Francois Berube without a rebound.
11:22 of 1st period - Brandon Mashinter wins face-off versus Riley Sheahan in Diables zone.
11:23 of 1st period - Slapshot by Pierre-Alexandre Parenteau.
11:23 of 1st period - Stopped by Jean-Francois Berube with a rebound.
11:29 of 1st period - Slapshot by Matt Jones.
11:29 of 1st period - Shot Misses the Net.
11:31 of 1st period - Wrist shot by Tomas Kubalik.
11:31 of 1st period - Stopped by Corey Crawford without a rebound.
11:32 of 1st period - Brandon Mashinter wins face-off versus Kellan Lain in Thunder zone.
11:32 of 1st period - Pierre-Alexandre Parenteau is hit by Matt Jones and loses puck.
11:42 of 1st period - Minor Penalty to Kellan Lain for Interference.
11:43 of 1st period - Riley Sheahan wins face-off versus Tom Pyatt in Diables zone.
12:14 of 1st period - Wrist shot by Pierre-Alexandre Parenteau.
12:14 of 1st period - Shot Misses the Net.
12:16 of 1st period - Snap shot by Brandon Mashinter.
12:16 of 1st period - Shot Blocked by Matt Jones.
12:18 of 1st period - Snap shot by Matt Martin.
12:18 of 1st period - Shot Misses the Net.
12:47 of 1st period - Craig Smith is hit by Matt Martin and loses puck.
13:42 of 1st period - Penalty to Kellan Lain is over, Kellan Lain is back on ice.
14:13 of 1st period - Snap shot by Jannik Hansen.
14:13 of 1st period - Stopped by Jean-Francois Berube with a rebound.
14:15 of 1st period - Slapshot by Jannik Hansen.
14:15 of 1st period - Shot Blocked by Kellan Lain.
14:17 of 1st period - Slapshot by Keith Yandle.
14:17 of 1st period - Shot Misses the Net.
15:22 of 1st period - Adam Hall is hit by Riley Sheahan and loses puck.
15:42 of 1st period - Minor Penalty to Riley Sheahan for Holding.
15:43 of 1st period - Tyler Bozak wins face-off versus Brandon Mashinter in Diables zone.
16:06 of 1st period - Matt Jones is hit by Adam Hall and loses puck.
16:15 of 1st period - Snap shot by Tom Pyatt.
16:15 of 1st period - Goal by Tom Pyatt - Thunder : 2 - Diables : 1.
16:16 of 1st period - Tyler Bozak wins face-off versus Tom Pyatt in neutral zone.
16:41 of 1st period - Tyler Cuma is hit by Brandon Mashinter and loses puck.
16:53 of 1st period - Minor Penalty to Kellan Lain for Tripping.
16:54 of 1st period - Tom Pyatt wins face-off versus Riley Sheahan in Diables zone.
17:20 of 1st period - Pierre-Alexandre Parenteau is hit by Matt Jones and loses puck.
18:06 of 1st period - Slapshot by Keith Yandle.
18:06 of 1st period - Shot Misses the Net.
18:53 of 1st period - Penalty to Kellan Lain is over, Kellan Lain is back on ice.
19:36 of 1st period - Slapshot by Damien Brunner.
19:36 of 1st period - Deflect By Pierre-Alexandre Parenteau.
19:36 of 1st period - Stopped by Corey Crawford with a rebound.
19:38 of 1st period - Wrist shot by Tyler Bozak.
19:38 of 1st period - Shot Blocked by Colby Cohen.
Goals for this period are 2 for Thunder vs 1 for Diables.
Shots for this period are 10 for Thunder vs 10 for Diables.
2nd period
0:01 of 2nd period - Adam Hall wins face-off versus Tyler Bozak in neutral zone.
0:10 of 2nd period - Snap shot by Adam Hall.
0:10 of 2nd period - Shot Misses the Net.
0:12 of 2nd period - Slapshot by Keith Yandle.
0:12 of 2nd period - Shot Misses the Net.
0:14 of 2nd period - Slapshot by Tom Pyatt.
0:14 of 2nd period - Shot Blocked by Matt Jones.
0:16 of 2nd period - Snap shot by Adam Hall.
0:16 of 2nd period - Goal by Adam Hall - Thunder : 3 - Diables : 1.
0:17 of 2nd period - Tom Pyatt wins face-off versus Damien Brunner in neutral zone.
0:30 of 2nd period - Wrist shot by Tyler Bozak.
0:30 of 2nd period - Stopped by Corey Crawford with a rebound.
0:50 of 2nd period - Slapshot by Matt Generous.
0:50 of 2nd period - Stopped by Jean-Francois Berube without a rebound.
0:51 of 2nd period - Brandon Mashinter wins face-off versus Tyler Bozak in Diables zone.
0:58 of 2nd period - Snap shot by Matt Martin.
0:58 of 2nd period - Shot Misses the Net.
1:00 of 2nd period - Slapshot by Joey Ryan.
1:00 of 2nd period - Shot Blocked by Tyler Cuma.
1:02 of 2nd period - Backhand shot by Matt Martin.
1:02 of 2nd period - Goal by Matt Martin - Thunder : 4 - Diables : 1.
1:02 of 2nd period - Marek Mazanek enters game.
1:03 of 2nd period - Tyler Bozak wins face-off versus Tom Pyatt in neutral zone.
1:05 of 2nd period - Minor Penalty to Brandon Prust for Hooking.
1:06 of 2nd period - Riley Sheahan wins face-off versus Tom Pyatt in Diables zone.
1:32 of 2nd period - Tom Pyatt is hit by Jamie Arniel and loses puck.
2:05 of 2nd period - Tyler Cuma is hit by Dany Roussin and loses puck.
2:25 of 2nd period - Riley Sheahan is hit by Tom Pyatt and loses puck.
2:30 of 2nd period - Snap shot by Tom Pyatt.
2:30 of 2nd period - Stopped by Marek Mazanek without a rebound.
2:31 of 2nd period - Pierre-Cédric Labrie wins face-off versus Brandon Mashinter in Diables zone.
2:40 of 2nd period - Wrist shot by Matt Martin.
2:40 of 2nd period - Deflect By Pierre-Alexandre Parenteau.
2:40 of 2nd period - Goal by Pierre-Alexandre Parenteau - Thunder : 5 - Diables : 1.
2:41 of 2nd period - Tyler Bozak wins face-off versus Brandon Mashinter in neutral zone.
3:06 of 2nd period - Kellan Lain is hit by Daultan Leveillé and loses puck.
3:13 of 2nd period - Wrist shot by Tyler Cuma.
3:13 of 2nd period - Deflect By Keith Yandle.
3:13 of 2nd period - Stopped by Corey Crawford with a rebound.
3:15 of 2nd period - Snap shot by Kellan Lain.
3:15 of 2nd period - Stopped by Corey Crawford without a rebound.
3:16 of 2nd period - Brandon Mashinter wins face-off versus Tyler Bozak in Thunder zone.
3:25 of 2nd period - Snap shot by Pierre-Alexandre Parenteau.
3:25 of 2nd period - Stopped by Marek Mazanek without a rebound.
3:26 of 2nd period - Brandon Mashinter wins face-off versus Tyler Bozak in Diables zone.
3:29 of 2nd period - Wrist shot by Brandon Mashinter.
3:29 of 2nd period - Stopped by Marek Mazanek with a rebound.
3:50 of 2nd period - Brandon Mashinter is hit by Damien Brunner and loses puck.
4:18 of 2nd period - Wrist shot by Brandon Prust.
4:18 of 2nd period - Goal by Brandon Prust - Thunder : 5 - Diables : 2.
4:19 of 2nd period - Tom Pyatt wins face-off versus Craig Smith in neutral zone.
4:21 of 2nd period - Minor Penalty to Keith Yandle for Roughing.
4:22 of 2nd period - Adam Hall wins face-off versus Tyler Bozak in Thunder zone.
4:32 of 2nd period - Snap shot by Kellan Lain.
4:32 of 2nd period - Goal by Kellan Lain - Thunder : 5 - Diables : 3.
4:33 of 2nd period - Tyler Bozak wins face-off versus Tom Pyatt in neutral zone.
5:03 of 2nd period - Slapshot by Craig Smith.
5:03 of 2nd period - Stopped by Corey Crawford with a rebound.
5:08 of 2nd period - Off-side.
5:09 of 2nd period - Tom Pyatt wins face-off versus Tyler Bozak in neutral zone.
5:17 of 2nd period - Minor Penalty to Tyler Bozak for Tripping.
5:18 of 2nd period - Kellan Lain wins face-off versus Tom Pyatt in Diables zone.
7:17 of 2nd period - Penalty to Tyler Bozak is over, Tyler Bozak is back on ice.
7:23 of 2nd period - Dany Roussin is hit by Kellan Lain.
7:53 of 2nd period - Brett Festerling is hit by Taylor Beck and loses puck.
8:08 of 2nd period - Kelly Zajac is hit by Brandon Prust and loses puck.
8:17 of 2nd period - Wrist shot by Steve Quailer.
8:17 of 2nd period - Shot Misses the Net.
8:43 of 2nd period - Matt Martin is hit by Dustin Kohn and loses puck.
10:17 of 2nd period - Slapshot by Keith Yandle.
10:17 of 2nd period - Shot Blocked by Pavel Valentenko.
10:31 of 2nd period - Slapshot by Dany Roussin.
10:31 of 2nd period - Deflect By Adam Hall.
10:31 of 2nd period - Shot Blocked by Pavel Valentenko.
10:31 of 2nd period - Puck is out of play.
10:32 of 2nd period - Tom Pyatt wins face-off versus Tyler Bozak in Diables zone.
10:39 of 2nd period - Snap shot by Tyler Bozak.
10:39 of 2nd period - Stopped by Corey Crawford without a rebound.
10:40 of 2nd period - Tom Pyatt wins face-off versus Tyler Bozak in Thunder zone.
11:09 of 2nd period - Brandon Mashinter is hit by Pierre-Cédric Labrie and loses puck.
11:30 of 2nd period - Wrist shot by Robin Leblanc.
11:30 of 2nd period - Stopped by Marek Mazanek with a rebound.
11:36 of 2nd period - Kellan Lain is hit by Matt Generous and loses puck.
11:52 of 2nd period - Minor Penalty to Keith Yandle for High sticking.
11:53 of 2nd period - Adam Hall wins face-off versus Tyler Bozak in Thunder zone.
12:00 of 2nd period - Wrist shot by Damien Brunner.
12:00 of 2nd period - Stopped by Corey Crawford without a rebound.
12:01 of 2nd period - Adam Hall wins face-off versus Tyler Bozak in Thunder zone.
12:10 of 2nd period - Wrist shot by Tyler Bozak.
12:10 of 2nd period - Stopped by Corey Crawford with a rebound.
12:27 of 2nd period - Icing by Steve Quailer.
12:28 of 2nd period - Adam Hall wins face-off versus Riley Sheahan in Diables zone.
12:39 of 2nd period - Snap shot by Brandon Prust.
12:39 of 2nd period - Stopped by Corey Crawford without a rebound.
12:40 of 2nd period - Tyler Bozak wins face-off versus Adam Hall in Thunder zone.
12:45 of 2nd period - Wrist shot by Tyler Bozak.
12:45 of 2nd period - Goal by Tyler Bozak - Thunder : 5 - Diables : 4.
12:46 of 2nd period - Tyler Bozak wins face-off versus Tom Pyatt in neutral zone.
12:54 of 2nd period - Wrist shot by Keith Yandle.
12:54 of 2nd period - Shot Blocked by Matt Jones.
12:58 of 2nd period - Slapshot by Adam Hall.
12:58 of 2nd period - Stopped by Marek Mazanek with a rebound.
13:00 of 2nd period - Snap shot by Adam Hall.
13:00 of 2nd period - Deflect By Dany Roussin.
13:00 of 2nd period - Goal by Dany Roussin - Thunder : 6 - Diables : 4.
13:01 of 2nd period - Tyler Bozak wins face-off versus Tom Pyatt in neutral zone.
13:20 of 2nd period - Tyler Bozak is hit by Dany Roussin and loses puck.
13:51 of 2nd period - Wrist shot by Robin Leblanc.
13:51 of 2nd period - Shot Misses the Net.
15:11 of 2nd period - Minor Penalty to Craig Smith for Hooking.
15:12 of 2nd period - Kellan Lain wins face-off versus Tom Pyatt in Diables zone.
15:21 of 2nd period - Snap shot by Keith Yandle.
15:21 of 2nd period - Goal by Keith Yandle - Thunder : 7 - Diables : 4.
15:22 of 2nd period - Tyler Bozak wins face-off versus Tom Pyatt in neutral zone.
15:24 of 2nd period - Matt Jones is hit by Tom Pyatt and loses puck.
15:47 of 2nd period - Lukas Krajicek is hit by Keith Yandle and loses puck.
16:12 of 2nd period - Slapshot by Daultan Leveillé.
16:12 of 2nd period - Shot Blocked by Riley Sheahan.
16:19 of 2nd period - Minor Penalty to Pavel Valentenko for Holding.
16:20 of 2nd period - Tom Pyatt wins face-off versus Riley Sheahan in Diables zone.
16:26 of 2nd period - Wrist shot by Adam Hall.
16:26 of 2nd period - Shot Misses the Net.
16:28 of 2nd period - Snap shot by Adam Hall.
16:28 of 2nd period - Stopped by Marek Mazanek without a rebound.
16:29 of 2nd period - Riley Sheahan wins face-off versus Tom Pyatt in Diables zone.
16:55 of 2nd period - Snap shot by Dany Roussin.
16:55 of 2nd period - Shot Blocked by Matt Jones.
16:57 of 2nd period - Snap shot by Adam Hall.
16:57 of 2nd period - Stopped by Marek Mazanek without a rebound.
16:58 of 2nd period - Brandon Mashinter wins face-off versus Jamie Arniel in Diables zone.
17:24 of 2nd period - Joey Ryan is hit by Tyler Cuma and loses puck.
18:19 of 2nd period - Penalty to Pavel Valentenko is over, Pavel Valentenko is back on ice.
18:33 of 2nd period - Wrist shot by Daultan Leveillé.
18:33 of 2nd period - Shot Blocked by Tyler Cuma.
18:35 of 2nd period - Slapshot by Brett Festerling.
18:35 of 2nd period - Shot Misses the Net.
18:37 of 2nd period - Snap shot by Daultan Leveillé.
18:37 of 2nd period - Deflect By Robin Leblanc.
18:37 of 2nd period - Shot Misses the Net.
18:37 of 2nd period - Puck is out of play.
18:38 of 2nd period - Jamie Arniel wins face-off versus Kelly Zajac in Diables zone.
18:44 of 2nd period - Off-side.
18:45 of 2nd period - Jamie Arniel wins face-off versus Kelly Zajac in neutral zone.
18:52 of 2nd period - Snap shot by Jamie Arniel.
18:52 of 2nd period - Stopped by Corey Crawford without a rebound.
18:53 of 2nd period - Tyler Bozak wins face-off versus Tom Pyatt in Thunder zone.
18:58 of 2nd period - Wrist shot by Tyler Bozak.
18:58 of 2nd period - Shot Blocked by Keith Yandle.
19:01 of 2nd period - Icing by Matt Generous.
19:02 of 2nd period - Tom Pyatt wins face-off versus Brandon Prust in Thunder zone.
19:20 of 2nd period - Slapshot by Damien Brunner.
19:20 of 2nd period - Stopped by Corey Crawford with a rebound.
19:48 of 2nd period - Slapshot by Tom Pyatt.
19:48 of 2nd period - Stopped by Marek Mazanek with a rebound.
19:50 of 2nd period - Slapshot by Adam Hall.
19:50 of 2nd period - Shot Misses the Net.
19:58 of 2nd period - Wrist shot by Adam Hall.
19:58 of 2nd period - Deflect By Dany Roussin.
19:58 of 2nd period - Stopped by Marek Mazanek with a rebound.
Goals for this period are 5 for Thunder vs 3 for Diables.
Shots for this period are 15 for Thunder vs 13 for Diables.
3rd period
0:01 of 3rd period - Tom Pyatt wins face-off versus Craig Smith in neutral zone.
0:36 of 3rd period - Slapshot by Damien Brunner.
0:36 of 3rd period - Shot Misses the Net.
0:40 of 3rd period - Snap shot by Damien Brunner.
0:40 of 3rd period - Stopped by Corey Crawford with a rebound.
1:10 of 3rd period - Joey Ryan is hit by J.T. Brown and loses puck.
1:39 of 3rd period - Dany Roussin is hit by J.T. Brown and loses puck.
1:54 of 3rd period - Snap shot by Robin Leblanc.
1:54 of 3rd period - Shot Blocked by Taylor Beck.
1:59 of 3rd period - Dustin Kohn is hit by Robin Leblanc and loses puck.
2:08 of 3rd period - Wrist shot by Tyler Cuma.
2:08 of 3rd period - Deflect By Taylor Beck.
2:08 of 3rd period - Shot Blocked by Joey Ryan.
2:08 of 3rd period - Puck is out of play.
2:09 of 3rd period - Steve Quailer wins face-off versus Brandon Mashinter in Thunder zone.
2:36 of 3rd period - Icing by Tom Pyatt.
2:37 of 3rd period - Dany Roussin wins face-off versus Tyler Bozak in Thunder zone.
2:46 of 3rd period - Snap shot by Adam Hall.
2:46 of 3rd period - Stopped by Marek Mazanek with a rebound.
3:36 of 3rd period - Wrist shot by Craig Smith.
3:36 of 3rd period - Shot Misses the Net.
3:46 of 3rd period - Wrist shot by Tom Pyatt.
3:46 of 3rd period - Shot Misses the Net.
4:41 of 3rd period - Snap shot by Matt Martin.
4:41 of 3rd period - Goal by Matt Martin - Thunder : 8 - Diables : 4.
4:41 of 3rd period - Jean-Francois Berube enters game.
4:42 of 3rd period - Brandon Mashinter wins face-off versus Craig Smith in neutral zone.
5:55 of 3rd period - Icing by Matt Jones.
5:56 of 3rd period - Craig Smith wins face-off versus Brandon Mashinter in Diables zone.
6:20 of 3rd period - Craig Smith is hit by Matt Martin and loses puck.
7:23 of 3rd period - Wrist shot by Kellan Lain.
7:23 of 3rd period - Shot Misses the Net.
7:25 of 3rd period - Slapshot by Lukas Krajicek.
7:25 of 3rd period - Shot Blocked by Matt Generous.
7:27 of 3rd period - Wrist shot by Steve Quailer.
7:27 of 3rd period - Goal by Steve Quailer - Thunder : 8 - Diables : 5.
7:28 of 3rd period - Tyler Bozak wins face-off versus Tom Pyatt in neutral zone.
7:36 of 3rd period - Snap shot by Tyler Bozak.
7:36 of 3rd period - Shot Misses the Net.
7:38 of 3rd period - Slapshot by Dustin Kohn.
7:38 of 3rd period - Stopped by Corey Crawford with a rebound.
7:40 of 3rd period - Wrist shot by Damien Brunner.
7:40 of 3rd period - Shot Blocked by David Fischer.
7:42 of 3rd period - Snap shot by Tyler Bozak.
7:42 of 3rd period - Stopped by Corey Crawford without a rebound.
7:43 of 3rd period - Tomas Kubalik wins face-off versus Daultan Leveillé in Thunder zone.
7:47 of 3rd period - Minor Penalty to Daultan Leveillé for Cross-checking.
7:48 of 3rd period - Adam Hall wins face-off versus Tyler Bozak in Thunder zone.
8:00 of 3rd period - Snap shot by Tyler Bozak.
8:00 of 3rd period - Stopped by Corey Crawford with a rebound.
8:02 of 3rd period - Snap shot by Tomas Kubalik.
8:02 of 3rd period - Stopped by Corey Crawford without a rebound.
8:03 of 3rd period - Damien Brunner wins face-off versus Pierre-Alexandre Parenteau in Thunder zone.
8:18 of 3rd period - Icing by Tyler Cuma.
8:19 of 3rd period - Adam Hall wins face-off versus Riley Sheahan in Diables zone.
9:47 of 3rd period - Penalty to Daultan Leveillé is over, Daultan Leveillé is back on ice.
9:56 of 3rd period - Taylor Beck is hit by Casey Pierro-Zabotel and loses puck.
10:01 of 3rd period - Snap shot by Keith Yandle.
10:01 of 3rd period - Shot Blocked by Lukas Krajicek.
10:03 of 3rd period - Slapshot by Keith Yandle.
10:03 of 3rd period - Stopped by Jean-Francois Berube with a rebound.
10:05 of 3rd period - Wrist shot by Casey Pierro-Zabotel.
10:05 of 3rd period - Deflect By Lukas Krajicek.
10:05 of 3rd period - Stopped by Jean-Francois Berube without a rebound.
10:06 of 3rd period - Jamie Arniel wins face-off versus Kelly Zajac in Diables zone.
10:36 of 3rd period - Damien Brunner is hit by Daultan Leveillé and loses puck.
10:55 of 3rd period - Snap shot by Tomas Kubalik.
10:55 of 3rd period - Stopped by Corey Crawford without a rebound.
10:56 of 3rd period - Adam Hall wins face-off versus Craig Smith in Thunder zone.
12:35 of 3rd period - Snap shot by Dany Roussin.
12:35 of 3rd period - Stopped by Jean-Francois Berube with a rebound.
12:51 of 3rd period - Steve Quailer is hit by Brandon Mashinter and loses puck.
14:09 of 3rd period - Wrist shot by Pierre-Alexandre Parenteau.
14:09 of 3rd period - Shot Misses the Net.
14:30 of 3rd period - Pierre-Alexandre Parenteau is hit by Taylor Beck and loses puck.
14:47 of 3rd period - Slapshot by Keith Yandle.
14:47 of 3rd period - Stopped by Jean-Francois Berube with a rebound.
14:49 of 3rd period - Slapshot by Jannik Hansen.
14:49 of 3rd period - Deflect By Dalton Smith.
14:49 of 3rd period - Shot Misses the Net.
14:49 of 3rd period - Puck is out of play.
14:50 of 3rd period - Kelly Zajac wins face-off versus Tyler Bozak in Diables zone.
15:01 of 3rd period - Snap shot by Brandon Prust.
15:01 of 3rd period - Deflect By Tyler Bozak.
15:01 of 3rd period - Shot Misses the Net.
15:01 of 3rd period - Puck is out of play.
15:02 of 3rd period - Tyler Bozak wins face-off versus Tom Pyatt in Thunder zone.
15:05 of 3rd period - Wrist shot by Damien Brunner.
15:05 of 3rd period - Stopped by Corey Crawford without a rebound.
15:06 of 3rd period - Tyler Bozak wins face-off versus Tom Pyatt in Thunder zone.
15:16 of 3rd period - Off-side.
15:17 of 3rd period - Tom Pyatt wins face-off versus Tyler Bozak in neutral zone.
15:20 of 3rd period - Slapshot by Joey Ryan.
15:20 of 3rd period - Stopped by Jean-Francois Berube without a rebound.
15:21 of 3rd period - Brandon Prust wins face-off versus Tom Pyatt in Diables zone.
15:54 of 3rd period - Snap shot by Matt Martin.
15:54 of 3rd period - Stopped by Jean-Francois Berube without a rebound.
15:55 of 3rd period - Craig Smith wins face-off versus Brandon Mashinter in Diables zone.
15:55 of 3rd period - Kellan Lain is hit by Matt Martin and loses puck.
16:01 of 3rd period - Tyson Barrie is hit by Matt Generous and loses puck.
16:10 of 3rd period - Wrist shot by Steve Quailer.
16:10 of 3rd period - Stopped by Corey Crawford with a rebound.
16:16 of 3rd period - Minor Penalty to Keith Yandle for Goalie Interference.
16:17 of 3rd period - Tyler Bozak wins face-off versus Adam Hall in Thunder zone.
18:16 of 3rd period - Penalty to Keith Yandle is over, Keith Yandle is back on ice.
18:34 of 3rd period - Snap shot by J.T. Brown.
18:34 of 3rd period - Shot Misses the Net.
19:05 of 3rd period - Snap shot by Robin Leblanc.
19:05 of 3rd period - Stopped by Jean-Francois Berube with a rebound.
Goals for this period are 1 for Thunder vs 1 for Diables.
Shots for this period are 9 for Thunder vs 9 for Diables.
Back to the Top